 Dungeon Crawl Stone Soup version 0.16-a0-3593-g1073268 (webtiles) character file.

70 Stone the Slasher (level 4, -5/31 HPs)
             Began as an Octopode Fighter on Jan 11, 2015.
             Slain by Grinder (8 damage)
             ... while paralysed by Grinder
             ... on level 3 of the Dungeon.
             The game lasted 00:05:18 (2649 turns).

Stone the Slasher (Octopode Fighter)                Turns: 2649, Time: 00:05:18

Health: -5/31      AC:  1    Str: 15    XL:     4   Next: 22%
Magic:  4/4        EV:  2    Int: 10    God:
Gold:   110        SH:  0    Dex: 12    Spells: 0 memorised, 3 levels left

rFire  . . .     SeeInvis .     a - +1 long sword
rCold  . . .     Clarity  .     c - +1 shield
rNeg   . . .     SustAb   .     (helmet restricted)
rPois  .         Gourm    .     (no amulet)
rElec  .         Spirit   .     (no ring)
rCorr  .         Warding  .     (no ring)
rMut   .         Stasis   .     (no ring)
MR     .....                    (no ring)
Stlth  ++........               (no ring)
                                (no ring)
                                (no ring)
                                (no ring)

@: paralysed, not resistant to hostile enchantments, unstealthy
A: almost no armour, amphibious, 8 rings, constrict 8, camouflage 1, gelatinous
body 1
a: no special abilities


You were on level 3 of the Dungeon.
You were not hungry.

You visited 1 branch of the dungeon, and saw 3 of its levels.

You collected 110 gold pieces.

Inventory:

Hand weapons
 a - a +1 long sword (weapon)
 n - a +0 blowgun
Missiles
 p - 10 poisoned needles
Armour
 c - a +1 shield (worn)
Scrolls
 f - a scroll of teleportation
 g - 2 scrolls of remove curse
 i - a scroll of immolation {unknown}
 l - a scroll of enchant weapon
Potions
 b - 2 potions of restore abilities {unknown}
 e - a potion of might
 j - 3 potions of curing
 k - 2 potions of invisibility
 m - a potion of mutation {unknown}
 o - a potion of cure mutation {unknown}
 q - a potion of heal wounds {unknown}
Comestibles
 d - 2 bread rations
 h - a chunk of flesh


   Skills:
 - Level 3.0 Fighting
 + Level 4.3 Long Blades
 - Level 3.0 Dodging
 - Level 3.0 Shields


You had 3 spell levels left.
You didn't know any spells.

Dungeon Overview and Level Annotations

Branches:
Dungeon (3/15)

Altars:

Annotations:
D:3 Grinder


Innate Abilities, Weirdness & Mutations

You cannot wear most types of armour.
You are amphibious.
You can wear up to eight rings at the same time.
You can use your tentacles to constrict many enemies at once.
Your skin changes colour to match your surroundings (Stealth).
Your rubbery body absorbs attacks (AC +1).


Message History

Grinder is lightly wounded.
Grinder hits you!
You writhe in agony.
You writhe in agony.
Grinder barely misses you.
A goblin comes into view. It is wielding a club.
You hit Grinder but do no damage. Your grab misses Grinder.
You squeeze Grinder.
Grinder is lightly wounded.
You block Grinder's attack.
You closely miss Grinder. Your grab misses Grinder.
Grinder is lightly wounded.
Grinder hits you.
You writhe in agony.
Grinder gestures at you.
You suddenly lose the ability to move!
Grinder hits you.
You writhe in agony.
* * * LOW HITPOINT WARNING * * *
Grinder hits you.
* * * LOW HITPOINT WARNING * * *
You writhe in agony. x2
Grinder hits you!
You die...

##########
#........#
#........#
######..@.....#
#.......#5g...#
#.#####.#.....# #.#
#.#.....#
#####'#####.#.....#
#........##.#......
#........##.#.....
#......>..#.#....
#.........#.#.


You could see Grinder and a goblin.

Vanquished Creatures
  4 adders
  A worm (D:2)
  5 bats
  A giant cockroach (D:1)
  6 goblins
  5 hobgoblins
  4 kobolds
  2 giant newts
  4 rats
32 creatures vanquished.

Notes
Turn   | Place    | Note
--------------------------------------------------------------
     0 | D:1      | Stone, the Octopode Fighter, began the quest for the Orb.
     0 | D:1      | Reached XP level 1. HP: 16/16 MP: 1/1
   563 | D:1      | Reached XP level 2. HP: 21/21 MP: 2/2
  1456 | D:2      | Reached XP level 3. HP: 14/26 MP: 3/3
  2382 | D:3      | Reached skill level 4 in Long Blades
  2386 | D:3      | Reached XP level 4. HP: 23/31 MP: 4/4
  2640 | D:3      | Noticed Grinder
  2646 | D:3      | Paralysed by Grinder for 7 turns
  2649 | D:3      | Slain by Grinder

Action                   |  1- 3 |  4- 6 || total
-------------------------+-------+-------++-------
Melee: Long sword        |    60 |    10 ||    70
  Use: Scroll            |     7 |       ||     7
 Stab: Sleeping          |     6 |       ||     6
  Eat: Meat ration       |     1 |       ||     1
